 Dungeon Crawl Stone Soup version 0.17-a0-1987-gaf5a542 (webtiles) character file.

751 4thArraOfDagon the Chopper (level 7, -1/100 HPs)
             Began as a Naga Berserker on Oct 6, 2015.
             Was a Believer of Trog.
             Slain by a black bear (6 damage)
             ... on level 6 of the Dungeon.
             The game lasted 00:05:15 (1014 turns).

4thArraOfDagon the Chopper (Naga Berserker)         Turns: 1014, Time: 00:05:15

Health: -1/100     AC:  9    Str: 24      XL:     7   Next: 78%
Magic:  7/7        EV:  8    Int:  8 (10) God:    Trog [**....]
Gold:   100        SH:  0    Dex: 10      Spells: 0 memorised, 6 levels left

rFire  . . .     SeeInvis +     a - +0 hand axe
rCold  . . .     Clarity  .     i - +0 scale mail
rNeg   . . .     SustAt   .     (no shield)
rPois  +         Gourm    .     g - +2 helmet
rElec  .         Spirit   .     (no cloak)
rCorr  .         Warding  .     (no gloves)
rMut   .         Stasis   .     (no barding)
MR     .....                    (no amulet)
Stlth  ..........               (no ring)
                                (no ring)

@: berserking, short of breath, quick, not resistant to hostile enchantments,
extremely unstealthy
A: see invisible, deformed body, poison resistance, slowness 2, slow metabolism
1, spit poison 2, AC +2
a: Spit Poison, Burn Spellbooks, Berserk, Trog's Hand, Renounce Religion


You were on level 6 of the Dungeon.
You worshipped Trog.
Trog was pleased with you.
You were not hungry.

You visited 1 branch of the dungeon, and saw 7 of its levels.

You collected 100 gold pieces.

Inventory:

Hand Weapons
 a - a +0 hand axe (weapon)
Armour
 g - a +2 helmet (worn)
 i - a +0 scale mail (worn)
Scrolls
 d - a scroll of enchant weapon {unknown}
 e - 2 scrolls of fog {unknown}
 f - a scroll of immolation {unknown}
 h - a scroll of amnesia {unknown}
 k - 2 scrolls of remove curse {unknown}
 l - 6 scrolls of teleportation {unknown}
Comestibles
 b - 5 chunks of flesh
 c - 3 bread rations
 j - a slice of pizza
 n - 3 fruits


   Skills:
 + Level 5.1 Fighting
 * Level 6.6 Axes
 + Level 3.6 Armour
 - Level 1.5 Dodging


You had 6 spell levels left.
You didn't know any spells.

Dungeon Overview and Level Annotations

Branches:
Dungeon (7/15)             Temple (0/1) D:4

Altars:
Elyvilon
Fedhas


Innate Abilities, Weirdness & Mutations

You cannot wear boots.
Your serpentine skin is tough (AC +2).
You have supernaturally acute eyesight.
Armour fits poorly on your strangely shaped body.
Your system is resistant to poisons.
You cover ground very slowly.
You have a slow metabolism.
You can spit poison.


Message History

The black bear appears unharmed.
The black bear is almost dead.
You feel slightly more hungry. The black bear bites you.
* * * LOW HITPOINT WARNING * * *
The black bear barely misses you. The black bear completely misses you.
Unknown command.
Unknown command.
Unknown command.
Use which ability?
A red film seems to cover your vision as you go berserk!
You feel yourself moving faster!
You feel mighty!
You feel somewhat more hungry. The black bear bites you.
* * * LOW HITPOINT WARNING * * *
The black bear claws you but does no damage.
The black bear claws you.
* * * LOW HITPOINT WARNING * * *
The black bear bites you.
* * * LOW HITPOINT WARNING * * *
The black bear claws you.
You die...

### ... ... ##.###
.....## #
#######.....##.#####
#.<@h.....(.........
#.#####.....##.##...
#. .....# #.#. #.
##........... #.
..#####..#. #. .#
#..#. #. # #..#. #.
#..#. . ..


You could see a black bear (berserk).

Vanquished Creatures
  Edmund (D:6)
  2 ogres
  A phantom (D:6)
  A centaur (D:6)
  A giant frog (D:3)
  3 killer bees (D:7)
  An orc priest (D:6)
  An orc wizard (D:6)
  A hound skeleton (D:6)
  An adder (D:6)
  An ooze (D:6)
  A worm (D:3)
  3 orcs
  A ball python (D:1)
  4 bats
  4 giant cockroaches
  A hobgoblin (D:2)
  3 quokkas
  4 giant newts
  A goblin (D:1)
  A jackal skeleton (D:4)
  6 kobolds
  6 rats
49 creatures vanquished.

Notes
Turn   | Place    | Note
--------------------------------------------------------------
     0 | D:1      | 4thArraOfDagon the Naga Berserker began the quest for the Orb.
     0 | D:1      | Reached XP level 1. HP: 21/21 MP: 1/1
    90 | D:2      | Reached XP level 2. HP: 8/28 MP: 2/2
   300 | D:3      | Noticed a giant frog
   304 | D:3      | Acquired Trog's second power
   307 | D:3      | Killed a giant frog
   307 | D:3      | Reached skill level 4 in Axes
   307 | D:3      | Reached XP level 3. HP: 19/34 MP: 3/3
   307 | D:3      | Reached XP level 4. HP: 23/43 MP: 4/4
   380 | D:4      | Found a blossoming altar of Fedhas.
   460 | D:4      | Found a staircase to the Ecumenical Temple.
   479 | D:4      | Noticed an ogre
   486 | D:4      | Killed an ogre
   486 | D:4      | Reached XP level 5. HP: 48/50 MP: 5/5
   623 | D:5      | Entered Level 5 of the Dungeon
   734 | D:6      | Noticed Edmund
   759 | D:6      | Killed Edmund
   759 | D:6      | Reached skill level 5 in Axes
   759 | D:6      | Reached XP level 6. HP: 29/57 MP: 6/6
   811 | D:7      | HP: 4/87 [killer bee (8)]
   814 | D:7      | Reached XP level 7. HP: 4/66 MP: 7/7
   816 | D:7      | HP: 3/66 [poisoned by a killer bee]
   833 | D:7      | Reached skill level 6 in Axes
   859 | D:7      | Found a white marble altar of Elyvilon.
   923 | D:6      | Noticed a black bear
   952 | D:6      | Noticed a centaur
   954 | D:6      | Noticed a phantom
   959 | D:6      | Killed a centaur
   959 | D:6      | Reached skill level 5 in Fighting
   994 | D:6      | Killed a phantom
  1014 | D:6      | HP: 5/100 [black bear (4)]
  1014 | D:6      | Slain by a black bear

Vault maps used:
D:1:      ncdulo_wetmaze
D:2:      grunt_temple_overflow_open, st_stairs_7
D:4:      nicolae_overflow_crystal_walls, minmay_temple_entry_hall, first_bread
D:5:      serial_shops, shop, shop
D:6:      uniq_edmund
D:7:      nemelex_altar_shiori, elyvilon_altar_4, the_bakery,
          kennysheep_generic_room_14

Action                   |  1- 3 |  4- 6 |  7- 9 || total
-------------------------+-------+-------+-------++-------
Melee: Hand axe          |    35 |    67 |    51 ||   153
Invok: Berserk           |     1 |     2 |     2 ||     5
       Trog's Hand       |       |     1 |     3 ||     4
 Abil: Spit Poison       |    18 |    11 |     5 ||    34
  Use: Potion            |       |       |     4 ||     4
  Eat: Chunk             |       |     3 |     3 ||     6
       Fruit             |       |       |     1 ||     1
